 Dungeon Crawl Stone Soup version 0.23.2-30-g0e89c35649 (webtiles) character file.

Game seed: 2503533687238796719

117 senseless the Ruffian (level 4, 0/35 HPs)
             Began as a Mummy Chaos Knight on June 22, 2019.
             Was a Plaything of Xom.
             Slain by a killer bee (5 damage)
             ... on level 3 of the Dungeon.
             The game lasted 00:09:28 (2470 turns).

senseless the Ruffian (Mummy Chaos Knight)          Turns: 2470, Time: 00:09:28

Health: 0/35       AC:  5    Str: 15    XL:     4   Next: 71%
Magic:  13/13      EV: 15    Int: 11    God:    Xom [...*..]
Gold:   66         SH:  0    Dex: 12    Spells: 3/3 levels left

rFire    x . .     SeeInvis .     - Unarmed
rCold    + . .     Gourm    .   (no shield)
rNeg     + + +     Faith    .   a - +2 leather armour
rPois    ∞         Spirit   .   (no helmet)
rElec    .         Reflect  .   (no cloak)
rCorr    .         Harm     .   (no gloves)
MR       .....                  (no boots)
Stlth    +.........             (no amulet)
HPRegen  0.11/turn              f - +3 ring of evasion
MPRegen  0.13/turn              h - ring of magical power

@: no status effects
A: no food or potions, fire vulnerability, cold resistance 1, negative energy
resistance 3, torment resistance, unbreathing
a: Renounce Religion


You were on level 3 of the Dungeon.
You worshipped Xom.
You were a favourite toy of Xom.
You were not hungry.

You visited 1 branch of the dungeon, and saw 3 of its levels.

You collected 66 gold pieces.

Inventory:

Hand Weapons
 g - a +0 club
Missiles
 b - 20 stones
 e - a throwing net (quivered)
Armour
 a - a +2 leather armour (worn)
 i - a +2 robe of cold resistance
Jewellery
 f - a +3 ring of evasion (left hand)
 h - a ring of magical power (right hand)
Scrolls
 c - 2 scrolls of identify
 d - 3 scrolls of teleportation


   Skills:
 - Level 3.0 Fighting
 - Level 1.7 Armour
 + Level 2.1 Dodging
 * Level 3.9 Unarmed Combat


You had 3 spell levels left.
You didn't know any spells.
Your spell library was empty.

Dungeon Overview and Level Annotations

Branches:
Dungeon (3/15)

Altars:


Innate Abilities, Weirdness & Mutations

You do not eat or drink.
Your flesh is vulnerable to fire.
You are immune to poison.
Your flesh is cold resistant. (rC+)
You are immune to negative energy. (rN+++)
You are immune to unholy pain and torment.
You can survive without breathing.


Message History

You are too injured to fight recklessly!
You are too injured to fight recklessly!
You are too injured to fight recklessly!
The killer bee stings you.
You see here a dark potion.
The killer bee barely misses you.
There is a stone staircase leading up here.
You closely miss the killer bee. The killer bee stings you.
* * * LOW HITPOINT WARNING * * *
The killer bee closely misses you.
A killer bee comes into view.
You completely miss the killer bee.
The killer bee buzzes angrily.
The killer bee misses you.
You miss the killer bee. The killer bee misses you.
You barely miss the killer bee. The killer bee stings you.
* * * LOW HITPOINT WARNING * * *
The killer bee misses you. The killer bee stings you.
You die...
Xom titters!

# #.
.#
.#
.#
.#
##.#
#@y#
#y##
#y#
#y#
#y#
#.#
#y#
#.#
..#


You could see 6 killer bees.

Vanquished Creatures
  An adder (D:2)
  2 oozes
  3 dart slugs
  A leopard gecko (D:2)
  4 orcs (D:2)
  8 bats
  3 giant cockroaches
  4 goblins
  5 hobgoblins
  11 jackals
  A quokka (D:2)
  2 ball pythons (D:2)
  4 frilled lizards (D:1)
  6 kobolds
  7 rats
62 creatures vanquished.

Vanquished Creatures (collateral kills)
  4 gnolls (D:2)
4 creatures vanquished.

Grand Total: 66 creatures vanquished

Notes
Turn   | Place    | Note
-------+----------+-------------------------------------------
     0 | D:1      | senseless the Mummy Chaos Knight began the quest for the
                  | Orb.
     0 | D:1      | Reached XP level 1. HP: 18/18 MP: 1/1
    21 | D:1      | XOM: divination: magic mapping
   145 | D:1      | XOM: harmless Conj miscast
   207 | D:1      | XOM: god gift: 12 gold pieces
   213 | D:1      | Reached skill level 1 in Dodging
   221 | D:1      | Reached XP level 2. HP: 12/24 MP: 2/2
   778 | D:1      | XOM: divination: detect creatures
   808 | D:1      | Reached XP level 3. HP: 20/29 MP: 3/3
   916 | D:1      | XOM: silly message
  1014 | D:1      | XOM: enchant monster (good)
  1159 | D:2      | XOM: summons friendly white imp
  1159 | D:2      | Xom revived you
  1236 | D:2      | XOM: polymorph white imp -> quasit
  1553 | D:2      | Reached XP level 4. HP: 27/35 MP: 4/4
  1688 | D:2      | XOM is BORED!
  1688 | D:2      | XOM: noise
  1695 | D:2      | XOM: summons 4 hostile shadow creatures
  1698 | D:2      | Noticed Jessica
  1717 | D:2      | XOM: smoke on damage
  1724 | D:2      | Noticed Jessica
  1724 | D:2      | Jessica changed into Jessica the leopard gecko
  1724 | D:2      | XOM: polymorph Jessica -> Jessica the leopard gecko
  1731 | D:2      | Killed Jessica the leopard gecko
  1734 | D:2      | XOM: god gift: knobbly marble ring {god gift}
  1828 | D:2      | XOM: silly message
  2203 | D:2      | XOM: harmless Tloc miscast
  2470 | D:3      | Slain by a killer bee

Skill      XL: |  1  2  3  4 |
---------------+-------------+-----
Dodging        | 1 2 |  2.1
Unarmed Combat | 3 |  3.9
Fighting       | |  3.0
Armour         | |  1.7

Action                   |  1- 3 |  4- 6 || total
-------------------------+-------+-------++-------
Melee: Unarmed           |   196 |   140 ||   336
       Punch             |     2 |     1 ||     3
  Use: Scroll            |     1 |       ||     1
Armor: Leather armour    |    63 |    35 ||    98
Dodge: Dodged            |   118 |   102 ||   220
